Description

All credits go to Railgan.

VOD

https://www.youtube.com/watch?v=tOQGnLKq9Fk

Build Order

Get SALT Encoding   

  13  0:12   Overlord  
  17  0:46   Spawning Pool  
  18  1:13  Hatchery  
  17  1:14  Extractor  
  18  1:34  Zergling  
  19  1:35  Roach Warren  
  18  1:41  Drone  
  19  1:46  Queen  
  22  1:51  Drone  
  22  2:01  Overlord  
  22  2:21  Queen  100% 1st Queen, In the main
  24  2:25  Roach x3  
  30  2:30  Queen  In the Natural
    3:00  Lair  
    3:40  Extractor x2  
    4:10  Extractor, Spire  100% Lair
    4:35  Overseer, Glial Reconstitution  
    4:45  Hatchery  3rd Base
    5:20  Corruptor x3  100% Spire
    5:45  Evolution Chamber x2  
    6:15  Zerg Missile Weapons Level 1, Zerg Ground Armor Level 1  
Spawning Tool Build Advisor. Get it on Overwolf

Go to:

Details

  • Created by: Hexayum
  • Published on: Mar 25, 2017
  • Modified on: Mar 26, 2017
  • Patch: 3.8.0
Show
View Real Time Build Order
Export as new Build Order

Comments (0)

There are no comments. Be the first!

Create an account to comment!